Map: Bridgehead LE (Void)

Players

Sico

  • Race: Protoss Protoss
  • League: Grandmaster

wabbajack - Winner!

  • Race: Zerg Zerg
  • League: Gold

VOD

Have the link to the VOD?

Description

Time

  • Played on: July 17, 2015, 5:51 p.m.
  • Length: 6:48
Show
View Real Time Build Order
Export as new Build Order

Sico Protoss 

Build Orders: 1 Gate Expand 

Get SALT Encoding   

  12  0:01  Probe  
  13  0:15  Pylon  
  13  0:18  Probe  
  14  0:33  Probe (Chrono Boost)  
  16  0:43  Probe (Chrono Boost)  
  16  0:44  Gateway  
  16  0:50  Probe  
  16  0:53  Assimilator  
  17  1:03  Probe  
  18  1:04  Assimilator  
  18  1:07  Pylon  
  18  1:35  Nexus  
  18  1:42  Pylon  
  18  1:44  Probe  
  19  2:03  Cybernetics Core  
  19  2:08  Zealot  
  19  2:10  Probe  
  22  2:22  Probe (Chrono Boost)  
  23  2:33  Probe (Chrono Boost)  
  24  2:40  Probe (Chrono Boost)  
  24  2:42  Robotics Facility, Warp Gate  
  25  2:51  Adept  
  25  2:54  Probe (Chrono Boost)  
  25  2:56  Probe (Chrono Boost)  
  30  3:06  Probe (Chrono Boost)  
  30  3:08  Probe (Chrono Boost)  
  31  3:13  Probe (Chrono Boost)  
  31  3:17  Probe  
  33  3:23  Mothership Core, Adept  
  37  3:35  Immortal (Chrono Boost)  
  37  3:38  Probe  
  42  3:43  Pylon  
  42  3:57  Pylon  
  42  3:58  Adept  
  44  4:07  Immortal  
  48  4:12  Gateway  
  48  4:21  Gateway  
  48  4:27  Gateway  
  48  4:35  Gateway  
  48  4:42  Pylon  
  48  4:43  Pylon  
  48  4:52  Observer  
  49  5:03  Adept, Pylon  
  51  5:12  Gateway  
  51  5:14  Pylon  
  51  5:21  Stalker  
  45  5:22  Zealot  
Show
View Real Time Build Order
Export as new Build Order

wabbajack Zerg - Winner!

Build Orders: Hatch First 

Get SALT Encoding   

  12  0:02  Drone  
  13  0:13  Overlord  
  13  0:19  Drone  
  14  0:23  Extractor  
  14  0:24  Drone  
  15  0:33  Drone  
  16  0:37  Drone  
  17  0:56  Hatchery  
  16  1:09  Extractor  
  15  1:12  Spawning Pool  
  14  1:22  Drone x2  
  16  1:52  Drone  
  16  1:53  Drone  
  16  1:54  Drone  
  19  1:58  Queen  
  21  2:08  Drone, Queen  
  24  2:17  Extractor  
  23  2:27  Overlord  
  23  2:42  Pneumatized Carapace  
  23  2:48  Baneling Nest  
  22  2:54  Zergling x4  
  22  2:55  Zergling x2  
  25  3:07  Zergling x2  
  25  3:08  Zergling x4  
  25  3:12  Zergling x4  
  30  3:13  Zergling x2  
  31  3:20  Overlord  
  31  3:23  Drone x2  
  31  3:25  Drone  
  34  3:33  Metabolic Boost  
  34  3:45  Drone x3  
  37  3:50  Baneling x2  
  37  3:51  Baneling  
  37  3:53  Baneling  
  37  4:15  Baneling x2  
  37  4:24  Overlord  
  33  5:38  Extractor  
  33  5:39  Roach Warren  
  33  5:41  Drone x4  
  33  5:42  Drone x2  
  37  5:43  Drone x5  
  37  5:48  Zergling x2  
  37  5:49  Spine Crawler, Zergling x12  
  48  5:50  Spine Crawler  
  48  5:51  Overlord, Spine Crawler  
  48  5:52  Spine Crawler  
  35  6:20  Zergling x10  
  35  6:21  Zergling x2  
  35  6:22  Zergling x8  
  35  6:26  Zergling x2  
Tags
 
Add a new tag
Caveats
  • Supply blocks, unpowered buildings, or Contaminate may cause inaccurate times.
  • Supply counts are checked every 10 seconds.